 Dungeon Crawl Stone Soup version 0.32-a0-975-g85d4e5bfdb (webtiles) character file.

Game seed: 15626765379041960909

175 Rocko1345 the Slasher (level 5, 0/41 HPs)
             Began as a Coglin Reaver on Apr 19, 2024.
             Slain by a gnoll
             ... wielding a +0 club
             ... led by a gnoll bouda
              (3 damage)
             ... on level 3 of the Dungeon.
             The game lasted 00:09:31 (2484 turns).

Rocko1345 the Slasher (Coglin Reaver)               Turns: 2484, Time: 00:09:31

Health: 0/41       AC: 16    Str: 14    XL:     5   Next: 55%
Magic:  8/8        EV: -1    Int: 12    God:
Gold:   126        SH:  0    Dex: 13    Spells: 7/8 levels left

rFire   . . .        a - +1 falchion {Hugo}
rCold   . . .        c - +0 dagger {Enrique}
rNeg    . . .        d - +0 crystal plate armour
rPois   .            o - +2 hat
rElec   .            (no cloak)
rCorr   .            (no gloves)
SInv    .            (no boots)
Will    .....        (amulet unavailable) Stlth
                     (ring unavailable)
HPRegen 0.26/turn    (ring unavailable)
MPRegen 0.11/turn    (no gizmo)

%: no passive effects
@: revving
A: off-hand wielding, slow wielding, warmup strikes, no jewellery
a: Invent Gizmo


You were on level 3 of the Dungeon.
You visited 1 branch of the dungeon, and saw 3 of its levels.

You collected 126 gold pieces.

Inventory:

Hand Weapons
 a - a +1 falchion (weapon) {Hugo}
 c - a +0 dagger (offhand) {Enrique}
 i - a +4 club
Missiles
 p - 6 boomerangs (quivered)
Armour
 b - a +0 leather armour
 d - a +0 crystal plate armour (worn)
 o - a +2 hat (worn)
Talismans
 k - a flux talisman
Wands
 g - a wand of mindburst (3)
Scrolls
 h - 2 scrolls of identify {unknown}
 j - a scroll of teleportation {unknown}
 m - a scroll of vulnerability {unknown}
 q - a scroll of amnesia {unknown}
Potions
 e - 2 potions of degeneration {unknown}
 f - 3 potions of curing {unknown}
 l - a potion of enlightenment {unknown}
 n - 2 potions of attraction {unknown}


   Skills:
 * Level 3.2 Fighting
 * Level 1.6(2.8) Short Blades
 * Level 3.9(4.2) Long Blades
 + Level 1.0 Armour
 - Level 2.1 Dodging
 - Level 2.0 Spellcasting
 + Level 3.2 Conjurations


You had 7 spell levels left.
You knew the following spells:

 Your Spells              Type           Power      Damage    Failure   Level
a - Kiss of Death         Conj/Necr      20%        2d7       100%        1

Your spell library contained the following spells:

 Spells                   Type           Power      Damage    Failure   Level
 Momentum Strike          Conj/Tloc      10%        3d8       100%        2
 Hailstorm                Conj/Ice       5%         3d5       100%        3


Dungeon Overview and Level Annotations

Branches:
Dungeon (3/15)

Altars:


Innate Abilities, Weirdness & Mutations

You can wield a second weapon in your off-hand.
It takes a long time for you to wield or remove held weapons.
Your first few attacks do less damage.
You cannot equip rings or amulets.


Message History

The gnoll bouda hits you but does no damage.
The gnoll hits you but does no damage. x2
The gnoll hits you but does no damage. The gnoll attacks as it pursues you!
The gnoll hits you but does no damage.
The gnoll hits you from afar with a +0 spear.
* * * LOW HITPOINT WARNING * * *
The gnoll hits you but does no damage. The gnoll hits you but does no damage.
The gnoll attacks as it pursues you!
The gnoll hits you but does no damage. x2
The gnoll attacks as it pursues you! The gnoll hits you with a +0 club.
* * * LOW HITPOINT WARNING * * *
The gnoll hits you but does no damage. x2
You are caught in the web!
The gnoll is no longer moving quickly.
The gnoll bouda barks out a call to the hunt!
The gnoll picks up the pace!
There is a web here.
You disentangle yourself.
The gnoll is no longer moving quickly. x2
The gnoll hits you but does no damage. The gnoll completely misses you.
The gnoll hits you but does no damage.
The gnoll is caught in a web!
The gnoll attacks as it pursues you! The gnoll hits you with a +0 club.
* * * LOW HITPOINT WARNING * * *
The gnoll pulls away from the web.
The gnoll hits you with a +0 flail.
* * * LOW HITPOINT WARNING * * *
The gnoll bouda is caught in a web!
The gnoll hits you but does no damage.
You are caught in the web!
The gnoll attacks as it pursues you! The gnoll hits you but does no damage.
The gnoll attacks as it pursues you! The gnoll hits you but does no damage.
The gnoll bouda barks out a call to the hunt!
The gnolls pick up the pace!
The gnoll bouda struggles to get unstuck from the web.
The gnoll hits you but does no damage.
There is a web here.
You struggle to detach yourself from the web.
The gnoll hits you from afar with a +0 spear.
* * * LOW HITPOINT WARNING * * *
The gnoll hits you but does no damage.
You disentangle yourself.
The gnoll hits you with a +0 club.
You die...

######### #.#.#.....
#.......## #.#.#.....
#.#####..#######.#.......
#...)..#.......#.###.....
######.......#...........
##..##†..######.....
#..PP#P..# #.....
#..##.#...# #.....
#g@..#.#.....
#gg##.#P#..... #gg.# #
#...... #.g_# ......
##...# # ...... #...##.#
#.....# #...##.#
#.....#..


You could see a gnoll bouda (webbed) and 5 gnolls.

Vanquished Creatures
  An orc priest (D:3)
  Robin (D:2)
  3 adders
  3 dart slugs
  2 ribbon worms (D:2)
  9 orcs (D:3)
  6 ball pythons
  7 endoplasms
  13 goblins
  6 hobgoblins
  11 jackals
  3 kobolds
  2 quokkas (D:3)
  9 bats
  3 frilled lizards
  4 rats
83 creatures vanquished.

Notes
Turn   | Place    | Note
-------+----------+-------------------------------------------
     0 | D:1      | Rocko1345 the Coglin Reaver began the quest for the Orb.
     0 | D:1      | Reached XP level 1. HP: 16/16 MP: 3/3
   184 | D:1      | Reached XP level 2. HP: 20/22 MP: 4/4
   792 | D:1      | Reached XP level 3. HP: 26/28 MP: 6/6
  1107 | D:2      | Noticed Robin
  1137 | D:2      | Killed Robin
  1138 | D:2      | Reached XP level 4. HP: 20/34 MP: 7/7
  1259 | D:2      | Reached skill level 1 in Short Blades
  1942 | D:3      | Reached XP level 5. HP: 38/41 MP: 8/8
  2133 | D:3      | Reached skill level 1 in Armour
  2440 | D:3      | Found a faded altar of an unknown god.
  2457 | D:3      | Got Plato's Almanac of Dark Mysteries
  2484 | D:3      | Slain by a gnoll

Illustrated notes

Levels and vault maps discovered:
D:1:      eino_arrival_cavern_c, layout_basic, feat_on_display
D:2:      layout_basic, kennysheep_generic_room_3, uniq_robin
D:3:      layout_basic, shapermc_ecumenical_altar_rom_forum,
          nicolae_elevator_lobby_asterisk

Skill      XL: |  1  2  3  4  5 |
---------------+----------------+-----
Dodging        | 2 |  2.1
Spellcasting   | 2 |  2.0
Conjurations   | 3 |  3.2
Short Blades   | 1 |  1.6
Fighting       | 3 |  3.2
Armour         | 1 |  1.0
Long Blades    | |  3.9

Action                     |  1- 3 |  4- 6 || total
---------------------------+-------+-------++-------
  Melee: Falchion          |    65 |   127 ||   192
         Dagger            |    56 |   118 ||   174
  Evoke: Wand              |     2 |       ||     2
    Use: Scroll            |     1 |       ||     1
 Armour: Leather armour    |    27 |       ||    27
         Crystal plate arm |    46 |   236 ||   282
  Dodge: Dodged            |    22 |     5 ||    27

Table legend: (Time is in decaauts)
 A = Elapsed time spent in this place.
 B = Non-inter-level travel time spent in this place.
 C = Inter-level travel time spent in this place.
 D = Time resting spent in this place.
 E = Time spent auto-exploring this place.
 F = Levels seen in this place.
 G = Mean time per level.
                   A        B        C        D        E       F      G
               +--------+--------+--------+--------+--------+-----+--------+
         Total |   2483 |   2425 |     58 |    141 |   1605 |   3 |  827.7 |
       Dungeon |   2483 |   2425 |     58 |    141 |   1605 |   3 |  827.7 |
               +--------+--------+--------+--------+--------+-----+--------+

Top non-repeatable levels by time:
     D:1: 1015 daAuts
     D:2: 805 daAuts
     D:3: 663 daAuts
